 Dungeon Crawl Stone Soup version 0.29.1-1-gd02db6906a (webtiles) character file.

Game seed: 18167055578129933694

28 xian the Sneak (level 2, -2/19 HPs)
             Began as a Vampire Fire Elementalist on Oct 5, 2022.
             Was a Follower of Qazlal.
             Slain by Natasha (5 damage)
             ... on level 1 of the Dungeon.
             The game lasted 00:02:45 (1061 turns).

xian the Sneak (Vampire Fire Elementalist)          Turns: 1061, Time: 00:02:46

Health: -2/19      AC:  4    Str:  7    XL:     2   Next: 96%
Magic:  0/5        EV: 11    Int: 17    God:    Qazlal [*.....]
Gold:   83         SH:  2    Dex: 14    Spells: 2/5 levels left

rFire   . . .      SeeInvis +   c - +0 short sword
rCold   + . .      Faith    .   (no shield)
rNeg    . . .      Spirit   .   d - +1 leather armour {rC+}
rPois   .          Reflect  .   (no helmet)
rElec   .          Harm     .   (no cloak)
rCorr   .          Rampage  .   (no gloves)
Will    .....                   (no boots)
Stlth   ++........              (no amulet)
HPRegen 0.26/turn               (no ring)
MPRegen 0.09/turn               (no ring)

@: very slightly contaminated, healing quickly
A: alive, fangs 3, see invisible, vampiric 1
a: Exsanguinate, Renounce Religion


You were on level 1 of the Dungeon.
You worshipped Qazlal.
Qazlal was aware of your devotion.
You visited 1 branch of the dungeon, and saw 2 of its levels.

You collected 83 gold pieces.

Inventory:

Hand Weapons
 c - a +0 short sword (weapon)
Armour
 d - a +1 leather armour of cold resistance (worn)
Scrolls
 e - a scroll of poison {unknown}
Potions
 a - a potion of flight {unknown}
 b - a potion of magic


   Skills:
 + Level 0.2 Short Blades
 + Level 2.3 Dodging
 + Level 3.2 Stealth
 + Level 2.3 Spellcasting
 + Level 0.6 Conjurations
 + Level 3.0 Fire Magic


You had 2 spell levels left.
You knew the following spells:

 Your Spells              Type           Power      Damage    Failure   Level
a - Foxfire               Conj/Fire      32%        2x1d5     13%         1
b - Scorch                Fire           24%        2d6       12%         2

Your spell library contained the following spells:

 Spells                   Type           Power      Damage    Failure   Level
 Conjure Flame            Conj/Fire      8%         6-21      36%         3
 Inner Flame              Hex/Fire       7%         N/A       41%         3
 Flame Wave               Conj/Fire      8%         2d5       78%         4


Dungeon Overview and Level Annotations

Branches:
Dungeon (2/15)

Altars:
Qazlal

Annotations:
D:1 Natasha


Innate Abilities, Weirdness & Mutations

Your natural rate of healing is accelerated.
You have razor-sharp teeth.
You have supernaturally acute eyesight. (SInv)
You are afflicted with vampirism.


Message History

The iron imp disappears in a puff of smoke!
There is a stone staircase leading down here.
Natasha closely misses you.
You miscast Foxfire.
You are very lightly contaminated with residual magic.
Nothing appears to happen.
Natasha closely misses you.
You conjure some foxfire!
Natasha claws you.
You are too injured to fight recklessly!
You are too injured to fight recklessly!
You are too injured to fight recklessly!
You are too injured to fight recklessly!
You are too injured to fight recklessly!
You are too injured to fight recklessly!
Casting: Foxfire (safe; 13% risk of failure)
Confirm with . or Enter, or press ? or * to list all spells.
You conjure some foxfire!
The foxfire hits Natasha but does no damage.
Natasha is moderately wounded.
The foxfire hits Natasha.
Natasha is heavily wounded.
Natasha claws you but does no damage.
Casting: Foxfire (safe; 13% risk of failure)
Confirm with . or Enter, or press ? or * to list all spells.
You conjure some foxfire!
The foxfire hits Natasha.
Natasha is severely wounded.
The foxfire hits Natasha.
Natasha is almost dead.
Natasha claws you.
* * * LOW HITPOINT WARNING * * *
Casting: Foxfire (safe; 13% risk of failure)
Confirm with . or Enter, or press ? or * to list all spells.
You don't have enough magic to cast this spell.
Unknown command.
Unknown command.
The foxfire hits Natasha but does no damage.
Natasha is almost dead.
The foxfire hits Natasha.
Natasha is almost dead.
Natasha claws you.
You die...

.........#.##....#
##########.##....#
#.##....#########
#.#.............####
##########.#.#####.###.#....##
...........#...# #.##........#
.#############.###.##.~~~~...#
...............h>§.#..~~~~~[.#
.........#.#....@§.#.~~~~~~..#
##.#)###.#.#.....§.#.~~~~~~..#
.#.....#.#.#..††.###..~~~~...#
.#.#.#.#(#.#..†..............#
.#.#...#.#.###.#.#######....##
.#.#####.#.###.#.# ######
.#.......#.#...#.#
#####......#.###.# #
#......#.##..#


You could see Natasha.

Vanquished Creatures
  A dart slug (D:1)
  2 ball pythons (D:1)
  2 bats (D:1)
  3 endoplasms (D:1)
  A giant cockroach (D:1)
  A goblin (D:1)
  2 hobgoblins (D:1)
  2 quokkas (D:1)
  10 frilled lizards (D:1)
  A rat (D:1)
  2 foxfires (D:1)
27 creatures vanquished.

Vanquished Creatures (others)
  59 foxfires
  4 toadstools (D:1)
63 creatures vanquished.

Grand Total: 90 creatures vanquished

Notes
Turn   | Place    | Note
-------+----------+-------------------------------------------
     0 | D:1      | xian the Vampire Fire Elementalist began the quest for the
                  | Orb.
     0 | D:1      | Reached XP level 1. HP: 13/13 MP: 3/3
   189 | D:1      | Reached XP level 2. HP: 19/19 MP: 0/5
   192 | D:1      | Learned a level 2 spell: Scorch
   382 | D:1      | Found a faded altar of an unknown god.
   388 | D:1      | Prayed at the altar of an unknown god.
   388 | D:1      | Became a worshipper of Qazlal Stormbringer
   388 | D:1      | Reached * piety under Qazlal
  1044 | D:2      | Noticed Natasha
  1061 | D:1      | Slain by Natasha

Illustrated notes

Levels and vault maps discovered:
D:1:      ldierk_water_garden, layout_basic, basic_ecumenical_altar,
          minmay_lizard_pond
D:2:      layout_basic, chequers_decorated_corner, uniq_robin, uniq_natasha

Skill      XL: |  1  2 |
---------------+-------+-----
Fire Magic     | 3 |  3.0
Short Blades   | |  0.2
Dodging        | |  2.3
Stealth        | |  3.2
Spellcasting   | |  2.3
Conjurations   | |  0.6

Action                   || total
-------------------------++-------
Melee: Short sword       ||    42
       Bite              ||     3
 Cast: Foxfire           ||    44
Armor: Robe              ||     2
       Leather armour    ||    24
Dodge: Dodged            ||    38
Block: Other             ||     5
